 Dungeon Crawl Stone Soup version 0.29.0-4-gdea44cf6ec (webtiles) character file.

Game seed: 7891701556500401356

254 qw the Chopper (level 6, -1/35 HPs)
             Began as a Tengu Warper on Aug 28, 2022.
             Slain by Grinder (2 damage)
             ... on level 3 of the Dungeon.
             The game lasted 00:00:17 (2721 turns).

qw the Chopper (Tengu Warper)                       Turns: 2721, Time: 00:00:18

Health: -1/35      AC: 14    Str: 17    XL:     6   Next: 14%
Magic:  10/10      EV:  9    Int: 13    God:
Gold:   91         SH:  0    Dex: 14    Spells: 9/9 levels left

rFire   . . .      SeeInvis .   Y - +3 hand axe
rCold   . . .      Faith    .   (no shield)
rNeg    . . .      Spirit   .   l - +0 chain mail
rPois   +          Reflect  .   (helmet restricted)
rElec   +          Harm     .   g - +1 cloak "Wosideul" {rElec rPois Slay-3}
rCorr   .          Rampage  +   c - +2 pair of gloves of the Grape {-Cast Rampage Str+4}
Will    .....      NoCast   +   (boots unavailable)
Stlth   ..........              (no amulet)
HPRegen 0.11/turn               (no ring)
MPRegen 0.12/turn               (no ring)

@: flying quickly and evasively, quick
A: beak, talons 3, nimble flight
a: no special abilities


You were on level 3 of the Dungeon.
You visited 1 branch of the dungeon, and saw 3 of its levels.

You collected 91 gold pieces.


Innate Abilities, Weirdness & Mutations

You have a beak for a mouth.
You have claws for feet.
Your magical nature lets you fly swiftly and evasively.


   Skills:
 - Level 2.0 Fighting
 + Level 6.4 Axes
 - Level 1.0 Throwing
 - Level 2.5 Armour
 - Level 2.1 Dodging
 - Level 2.0 Spellcasting
 - Level 2.4 Translocations


You had 9 spell levels left.
You didn't know any spells.
Your spell library contained the following spells:

 Spells                   Type           Power      Damage    Failure   Level
 Blink                    Tloc           14%        N/A       92%         2
 Gell's Gravitas          Tloc           7%         N/A       99%         3
 Lesser Beckoning         Tloc           7%         N/A       99%         3
 Teleport Other           Tloc           7%         N/A       99%         3
 Manifold Assault         Tloc           7%         N/A       100%        5

Inventory:

Hand Weapons
 m - a +0 whip
 Y - a +3 hand axe (weapon)
Missiles
 b - 8 boomerangs (quivered)
Armour
 c - the +2 pair of gloves of the Grape (worn) {-Cast Rampage Str+4}
   (You found it on level 2 of the Dungeon)

   Str:       It affects your strength (+4).
   -Cast:     It prevents spellcasting.
   Rampage:   It bestows one free step when moving towards enemies.
 g - the +1 cloak "Wosideul" (worn) {rElec rPois Slay-3}
   (You acquired it on level 2 of the Dungeon)

   Slay:      It affects your accuracy & damage with ranged weapons and melee
   (-3).
   rElec:     It insulates you from electricity.
   rPois:     It protects you from poison.
 l - a +0 chain mail (worn)
Scrolls
 a - a scroll of enchant armour
 n - a scroll of identify
Potions
 d - a potion of lignification {unknown}
 e - a potion of berserk rage {unknown}
 f - a potion of haste
 j - a potion of might
 k - a potion of attraction {unknown}
 o - a potion of mutation {unknown}

Dungeon Overview and Level Annotations

Branches:
Dungeon (3/15)

Altars:
Fedhas

Annotations:
D:3 Grinder


Message History

Grinder misses you.
You closely miss Grinder. Your kick misses Grinder.
You peck Grinder, but do no damage. Grinder hits you but does no damage.
You completely miss Grinder. You claw Grinder, but do no damage.
Grinder hits you.
You writhe in agony.
You slash Grinder!
Grinder is lightly wounded.
Grinder hits you.
You barely miss Grinder. Your kick misses Grinder.
Grinder is lightly wounded.
Grinder gestures at you.
You suddenly lose the ability to move!
Grinder gestures at you.
You shrug off the repeated paralysis!
Grinder hits you but does no damage. Grinder hits you.
Grinder hits you but does no damage.
You can move again.
You barely miss Grinder. You claw Grinder. You peck Grinder.
Grinder is moderately wounded.
Grinder blinks!
2714 ||| Stepping ~*~*~tactically~*~*~ (hiding).
You hit Grinder. Your kick misses Grinder.
Grinder is heavily wounded.
Grinder hits you.
You writhe in agony.
You closely miss Grinder. Your kick misses Grinder. Your peck misses Grinder.
Grinder is heavily wounded.
Grinder blinks!
You rampage towards Grinder!
You rampage towards Grinder!
You closely miss Grinder. Your kick misses Grinder. Your peck misses Grinder.
Grinder is heavily wounded.
Grinder says, "I used to sell toenails on the black market."
Grinder gestures at you.
You barely resist. You closely miss Grinder.
Grinder is heavily wounded.
Grinder hits you.
You writhe in agony.
You die...

.######*************#~~~~~.#####.
.#..,.# #..,,#.~~~~.......
.#.#*.# #.#**#########**#.
.#.##.####****##.####.###########
..........,,,,...................
......#..#****##.####.###########
.....P.P.# #.# #.# #
##....P..#*****#5# #.# #
.#%.P._...,,,,*#@####.# #
.#...P....,,,,*#.##...######## #
.#.(..PP..,,,,##.#...........# #
.........#****#.....########.# #
.........######..#.## *,* *
....##.#.........#.# *,****
#.#.......###....#.#********,,,,,
..........* #....#..,,,,,,,,,****
#.######>#* #....###***,,,,,,,,,,


You could see Grinder.

Vanquished Creatures
  A necrophage (D:3)
  Natasha (thrice) (D:3)
  2 river rats (D:3)
  3 adders
  A worm (D:2)
  2 dart slugs
  5 orcs (D:3)
  4 bats
  6 endoplasms
  3 giant cockroaches (D:3)
  A goblin (D:3)
  8 hobgoblins
  7 jackals
  5 kobolds
  2 quokkas (D:1)
  3 ball pythons
  3 frilled lizards
  9 rats
68 creatures vanquished.

Vanquished Creatures (others)
  4 fungi (D:3)
  5 plants (D:3)
9 creatures vanquished.

Grand Total: 77 creatures vanquished

Notes
Turn   | Place    | Note
-------+----------+-------------------------------------------
     0 | D:1      | qw the Tengu Warper began the quest for the Orb.
     0 | D:1      | Reached XP level 1. HP: 12/12 MP: 4/4
     0 | D:1      | 0 ||| qw: Version: 0.1-a-89-g26bdef1
     0 | D:1      | 0 ||| qw: Game counter: 272
     0 | D:1      | 0 ||| qw: Always use a shield: true
     0 | D:1      | 0 ||| qw: God list: Okawaru
     0 | D:1      | 0 ||| qw: Allow faded altars: false
     0 | D:1      | 0 ||| qw: Do Orc after D:15 true
     0 | D:1      | 0 ||| qw: Do second Lair branch before Depths: true
     0 | D:1      | 0 ||| qw: Lair rune preference: random
     0 | D:1      | 0 ||| qw: Plans: Normal
     0 | D:1      | 0 ||| PLANNING D:1-11
   182 | D:1      | 182 ||| Stepping ~*~*~tactically~*~*~ (stealth).
   189 | D:1      | 189 ||| Stepping ~*~*~tactically~*~*~ (stealth).
   197 | D:1      | Reached XP level 2. HP: 17/17 MP: 6/6
   219 | D:1      | 219 ||| Stepping ~*~*~tactically~*~*~ (stealth).
   221 | D:1      | 221 ||| Stepping ~*~*~tactically~*~*~ (stealth).
   227 | D:1      | Reached skill level 3 in Axes
   365 | D:1      | Found a faded altar of an unknown god.
   513 | D:1      | 513 ||| Stepping ~*~*~tactically~*~*~ (stealth).
   607 | D:1      | Reached XP level 3. HP: 21/21 MP: 7/7
  1176 | D:1      | 1176 ||| UPGRADING to +0 chain mail.
  1186 | D:1      | 1186 ||| DROPPING +0 leather armour.
  1187 | D:1      | 1187 ||| READING scroll labelled TOWAP SAXUCISS.
  1188 | D:1      | 1188 ||| READING scroll labelled PUENLE SUIPN.
  1189 | D:1      | 1189 ||| READING scroll labelled YPADED JAOPT.
  1192 | D:1      | 1192 ||| DROPPING scroll of blinking.
  1259 | D:2      | Reached skill level 4 in Axes
  1370 | D:2      | 1370 ||| Stepping ~*~*~tactically~*~*~ (stealth).
  1383 | D:2      | Identified the +2 pair of gloves of the Grape {-Cast
                  | Rampage Str+4}
  1403 | D:2      | 1403 ||| Stepping ~*~*~tactically~*~*~ (stealth).
  1696 | D:2      | 1696 ||| DROPPING +0 club.
  1736 | D:2      | Reached XP level 4. HP: 23/26 MP: 8/8
  1917 | D:2      | 1917 ||| UPGRADING to +2 pair of gloves of the Grape {-Cast
                  | Rampage Str+4}.
  1922 | D:2      | 1922 ||| READING 2 scrolls labelled FUMNES SEXYG.
  1923 | D:2      | 1923 ||| READING scroll labelled KYUMPY PASK.
  1923 | D:2      | Identified a scroll of acquirement
  1923 | D:2      | 1923 ||| ACQUIRING +1 cloak "Wosideul" {rElec rPois Slay-3}
  1923 | D:2      | Acquired the +1 cloak "Wosideul" {rElec rPois Slay-3}
  1925 | D:2      | 1925 ||| UPGRADING to +1 cloak "Wosideul" {rElec rPois
                  | Slay-3}.
  1930 | D:2      | 1930 ||| READING scroll labelled SUSOONWIDOF.
  1931 | D:2      | 1931 ||| DRINKING 2 puce potions.
  1937 | D:3      | 1937 ||| PLANNING SEWER
  1945 | D:3      | Noticed a necrophage
  1968 | D:3      | Killed a necrophage
  1969 | D:3      | Reached skill level 5 in Axes
  1969 | D:3      | Gained mutation: Your magical nature lets you fly swiftly
                  | and evasively. [Tengu growth]
  1969 | D:3      | Reached XP level 5. HP: 20/30 MP: 9/9
  2150 | D:3      | 2150 ||| FLEEEEING.
  2194 | D:3      | 2194 ||| FLEEEEING.
  2250 | D:3      | 2250 ||| SWAPPING to +3 hand axe.
  2251 | D:3      | 2251 ||| DROPPING +1 hand axe.
  2294 | D:3      | Found a blossoming altar of Fedhas.
  2323 | D:3      | Noticed Natasha
  2324 | D:3      | 2324 ||| Stepping ~*~*~tactically~*~*~ (hiding).
  2331 | D:3      | Killed Natasha
  2439 | D:3      | 2439 ||| Stepping ~*~*~tactically~*~*~ (stealth).
  2440 | D:3      | 2440 ||| Stepping ~*~*~tactically~*~*~ (stealth).
  2445 | D:3      | 2445 ||| Stepping ~*~*~tactically~*~*~ (stealth).
  2446 | D:3      | 2446 ||| Stepping ~*~*~tactically~*~*~ (stealth).
  2457 | D:3      | Noticed Natasha
  2458 | D:3      | 2458 ||| Stepping ~*~*~tactically~*~*~ (stealth).
  2468 | D:3      | 2468 ||| Stepping ~*~*~tactically~*~*~ (stealth).
  2476 | D:3      | Found a glowing drain.
  2477 | D:3      | 2477 ||| Stepping ~*~*~tactically~*~*~ (hiding).
  2480 | D:3      | 2480 ||| Stepping ~*~*~tactically~*~*~ (hiding).
  2492 | D:3      | Killed Natasha
  2493 | D:3      | Reached skill level 6 in Axes
  2493 | D:3      | Reached XP level 6. HP: 24/35 MP: 10/10
  2546 | D:3      | Noticed Natasha
  2547 | D:3      | 2547 ||| Stepping ~*~*~tactically~*~*~ (stealth).
  2556 | D:3      | 2556 ||| Stepping ~*~*~tactically~*~*~ (stealth).
  2581 | D:3      | Killed Natasha
  2642 | D:3      | 2642 ||| READING scroll labelled JYTZUP IFREAWI.
  2702 | D:3      | Noticed Grinder
  2708 | D:3      | Paralysed by Grinder for 5 turns
  2714 | D:3      | 2714 ||| Stepping ~*~*~tactically~*~*~ (hiding).
  2716 | D:3      | HP: 6/35 [Grinder (4)]
  2721 | D:3      | HP: 1/35 [Grinder (4)]
  2721 | D:3      | Slain by Grinder

Levels and vault maps discovered:
D:1:      wheals_arrival_shading, layout_basic,
          shapermc_ecumenical_altar_notcrosses
D:2:      layout_loops_ring
D:3:      layout_basic, lemuel_coloured_pillars_altar, fedhas_altar_3,
          portal_sewer_entry_b, kennysheep_nub, uniq_grinder, uniq_natasha

Skill      XL: |  1  2  3  4  5 |
---------------+----------------+-----
Axes           | 3 4 5 6 |  6.4
Armour         | 2 |  2.5
Fighting       | |  2.0
Throwing       | |  1.0
Dodging        | |  2.1
Spellcasting   | |  2.0
Translocations | |  2.4

Action                   |  1- 3 |  4- 6 || total
-------------------------+-------+-------++-------
Melee: Hand axe          |    83 |    87 ||   170
       Kick              |    17 |    23 ||    40
       Peck              |     9 |    12 ||    21
       Punch             |       |     1 ||     1
Throw: Boomerang         |    30 |    23 ||    53
  Use: Scroll            |     3 |     4 ||     7
       Potion            |       |     1 ||     1
Armor: Leather armour    |     7 |       ||     7
       Chain mail        |    23 |    48 ||    71
Dodge: Dodged            |    23 |    25 ||    48

Table legend:
 A = Non-vault XP
 B = Vault XP
 C = Vault XP percentage of total XP
 D = Non-vault monster count
 E = Vault monster count
 F = Vault count percentage of total count
                 A         B        C        D         E       F
            +---------+---------+-------+---------+---------+-------
      Total |     292 |      71 |  19.6 |      61 |       7 |  10.3
            +---------+---------+-------+---------+---------+-------
        D:1 |      43 |       0 |   0.0 |      24 |       0 |   0.0
        D:2 |      46 |       0 |   0.0 |      21 |       0 |   0.0
        D:3 |     203 |      71 |  25.9 |      16 |       7 |  30.4
            +---------+---------+-------+---------+---------+-------
